 Dungeon Crawl Stone Soup version 0.28.0-43-g3370ac3207 (webtiles) character file.

Game seed: 12878042189216615523

200 tizbic2 the Skirmisher (level 5, -3/57 HPs)
             Began as an Ogre Fighter on Mar 8, 2022.
             Slain by a river rat (7 damage)
             ... in a sewer.
             The game lasted 00:09:23 (2340 turns).

tizbic2 the Skirmisher (Ogre Fighter)               Turns: 2340, Time: 00:09:24

Health: -3/57      AC:  3    Str: 22    XL:     5   Next: 78%
Magic:  5/5        EV:  8    Int:  9    God:
Gold:   173        SH:  8    Dex:  8    Spells: 4/4 levels left

rFire   . . .      SeeInvis .   b - +0 hand axe
rCold   . . .      Faith    .   c - +0 kite shield
rNeg    . . .      Spirit   .   l - +0 robe
rPois   .          Reflect  .   (helmet restricted)
rElec   .          Harm     .   (no cloak)
rCorr   .          Rampage  .   (gloves unavailable)
Will    .....                   (boots unavailable)
Stlth   +.........              j - amulet of regeneration
HPRegen 0.99/turn               (no ring)
MPRegen 0.09/turn               (no ring)

@: no status effects
A: large, unfitting armour, tough skin 1
a: no special abilities


You were in a sewer.
You visited 1 branch of the dungeon, and saw 3 of its levels.
You also visited: Sewer.

You collected 173 gold pieces.

Inventory:

Hand Weapons
 a - a +0 war axe
 b - a +0 hand axe (weapon)
Missiles
 e - 19 arrows
 i - 64 stones (quivered)
Armour
 c - a +0 kite shield (worn)
 l - a +0 robe (worn)
Jewellery
 j - an amulet of regeneration (around neck)
Scrolls
 g - a scroll of enchant weapon {unknown}
 h - 4 scrolls of blinking
 k - 2 scrolls of vulnerability
 n - a scroll of fear
 o - a scroll of immolation {unknown}
 p - a scroll of acquirement {unknown}
Potions
 d - 2 potions of degeneration
 m - a potion of mutation


   Skills:
 + Level 5.4 Fighting
 - Level 2.0 Axes
 - Level 2.7 Dodging
 * Level 5.0 Shields


You had 4 spell levels left.
You didn't know any spells.
Your spell library was empty.

Dungeon Overview and Level Annotations

Branches:
Dungeon (3/15)              Sewer (1/1)

Altars:


Innate Abilities, Weirdness & Mutations

You are too large for most types of armour.
You have tough skin. (AC +1)


Message History

You block the jackal's attack. x2
You hit the jackal.
You kill the jackal!
You closely miss the jackal.
The jackal bites you but does no damage.
You block the jackal's attack. The river rat bites you.
* * * LOW HITPOINT WARNING * * *
You closely miss the river rat. You hit the jackal.
You block the jackal's attack. The jackal bites you.
* * * LOW HITPOINT WARNING * * *
You block the river rat's attack.
You closely miss the river rat. You hit the jackal.
You kill the jackal!
You block the river rat's attack.
You hit the river rat.
The river rat is moderately wounded.
You barely miss the endoplasm.
The river rat bites you but does no damage.
The endoplasm freezes you.
You are frozen.
* * * LOW HITPOINT WARNING * * *
You block the river rat's attack.
You hit the endoplasm.
You kill the endoplasm!
You barely miss the river rat. The river rat bites you.
* * * LOW HITPOINT WARNING * * *
You barely miss the river rat.
The river rat is moderately wounded.
The river rat closely misses you.
You hit the river rat but do no damage.
The river rat is moderately wounded.
The river rat barely misses you. The river rat completely misses you.
You hit the river rat.
The river rat is severely wounded.
The river rat bites you!
* * * LOW HITPOINT WARNING * * *
You closely miss the river rat.
The river rat is severely wounded.
The river rat bites you!
You die...

********************#≈≈≈.≈.≈..#**
#≈≈≈##≈≈...≈*
#####################.≈.#**#hhr.≈
≈≈≈.≈≈≈≈≈.≈≈≈.≈≈≈≈≈.≈≈≈≈# **#..,
≈≈≈≈≈≈≈≈≈≈≈≈≈≈≈≈≈≈≈≈≈.≈.#***,,,r,
≈≈≈.≈.≈≈.≈.≈≈.≈≈≈≈≈≈≈≈≈≈#*,,,,,,,
#####################≈≈≈#**,,,,,*
###### ###### #≈≈≈# *******
#....# #..r@# #≈≈.#
#####''#####'†#####≈≈≈#
#∩.............r≈h≈≈≈≈#
#∩..........÷..hJhh≈≈.#
#####''#####''#####≈≈≈# #....#
#....# #≈≈≈# ###### ###### #≈≈≈#
#####################≈≈≈#######**
≈.≈≈≈.≈.≈≈≈≈≈≈≈≈..≈.≈≈≈≈≈≈≈≈≈≈≈≈≈


You could see a river rat.

Vanquished Creatures
  5 river rats
  8 adders
  2 worms
  2 dart slugs
  6 ball pythons
  7 endoplasms
  3 giant cockroaches
  6 hobgoblins
  9 jackals
  3 quokkas (D:3)
  4 bats (Sewer)
  6 frilled lizards
  6 goblins
  4 kobolds
  9 rats
80 creatures vanquished.

Notes
Turn   | Place    | Note
-------+----------+-------------------------------------------
     0 | D:1      | tizbic2 the Ogre Fighter began the quest for the Orb.
     0 | D:1      | Reached XP level 1. HP: 24/24 MP: 1/1
   432 | D:1      | Reached XP level 2. HP: 29/32 MP: 2/2
   704 | D:1      | Reached XP level 3. HP: 35/39 MP: 3/3
  1160 | D:2      | Reached XP level 4. HP: 49/49 MP: 4/4
  1816 | D:3      | Found a glowing drain.
  1847 | Sewer    | Entered a sewer
  1901 | Sewer    | Reached skill level 5 in Fighting
  1956 | Sewer    | Reached XP level 5. HP: 56/57 MP: 5/5
  2318 | Sewer    | Reached skill level 5 in Shields
  2340 | Sewer    | Slain by a river rat

Illustrated notes

Levels and vault maps discovered:
D:1:      psy_arrival_whirlpool, layout_basic, corexii_item_surrounded_by_moat
D:2:      layout_loops_ring
D:3:      layout_loops_corners, hellmonk_ecumenical_altar_slurped_away,
          gup_sewer_entry_bubbles
Sewer:    sewer_fruit_machine

Skill      XL: |  1  2  3  4  5 |
---------------+----------------+-----
Shields        | 3 4 5 |  5.0
Fighting       | 5 |  5.4
Axes           | |  2.0
Dodging        | |  2.7

Action                   |  1- 3 |  4- 6 || total
-------------------------+-------+-------++-------
Melee: War axe           |    83 |       ||    83
       Hand axe          |    35 |   177 ||   212
Throw: Stone             |     1 |     2 ||     3
  Use: Potion            |     1 |     1 ||     2
       Scroll            |       |     4 ||     4
 Stab: Sleeping          |       |     1 ||     1
Armor: Robe              |    44 |    65 ||   109
Dodge: Dodged            |    57 |    73 ||   130
Block: Kite shield       |    50 |    99 ||   149
